Warning! The script has encountered some errors when parsing the replay. Please report them to the . » details
0x00, prev: 0x16: 16 02 01 00 D1 8A 00 00 0C 24 01 00 [00] 00 00 00 00 00 00 00 00 00 00 00 00 00 00 00 00 00 00 00 00 00 00 00 01 00
0x00, prev: 0x00: 16 02 01 00 D1 8A 00 00 0C 24 01 00 00 00 00 00 00 00 00 00 00 00 00 00 00 00 00 00 00 00 00 00 00 00 [00] 00 01 00
0x00, prev: 0x01: 16 02 01 00 D1 8A 00 00 0C 24 01 00 00 00 00 00 00 00 00 00 00 00 00 00 00 00 00 00 00 00 00 00 00 00 00 00 01 [00]
0x00, prev: 0x04: 16 02 01 00 5B 8B 00 00 74 BF 00 00 00 00 00 00 00 00 00 00 00 00 00 00 00 00 00 00 00 00 00 00 00 00 00 00 04 [00]
0x00, prev: 0x05: 16 02 01 00 90 87 00 00 30 14 06 00 00 00 00 00 00 00 00 00 00 00 00 00 00 00 00 00 00 00 00 00 00 00 00 00 05 [00]
General information
- name: BNet
- type: Ladder 1vs1/FFA
- host: Battle.net
- saver: brucewillisusa
map: CentaurGrove
- players: 2
- length: 77:01
- speed: Fast
- version: 1.23 W3XP
- replay type: Public
» download(172 KB)
Players
team 1 (loser)
SilverG35 (
green | 130 APM | 1345 actions | 10:19)
4 Blademaster
1 Wind Walk
2 Mirror Image
1 Critical Strike
4 Shadow Hunter
2 Healing Wave
2 Hex
» actions
| Basic commands | 8 | |
| Build / train | 60 | |
| Enter build submenu | 21 | |
| Enter hero's abilities submenu | 13 | |
| Give item / drop item | 5 | |
| Right click | 538 | |
| Select / deselect | 574 | |
| Use ability | 126 | |
1345 total
» units
| Peon | 13 | |
| Raider | 6 | |
| Troll Witch Doctor | 3 | |
| Demolisher | 4 | |
| Goblin Zeppelin | 4 | |
30 total
» upgrades
| Melee Weapons | 1 | |
| Armor | 2 | |
| Ensnare | 1 | |
| Witch Doctor Training | 1 | |
5 total
» buildings
| Orc Burrow | 6 | |
| Altar of Storms | 1 | |
| Voodoo Lounge | 1 | |
| Barracks | 2 | |
| Stronghold | 1 | |
| War Mill | 1 | |
| Beastiary | 3 | |
| Spirit Lodge | 1 | |
| Fortress | 1 | |
| Great Hall | 2 | |
| Watch Tower | 1 | |
20 total
» build order
00:14 Orc Burrow
00:26 Altar of Storms
01:02 Voodoo Lounge
01:43 Barracks
02:29 Stronghold
02:33 Orc Burrow
02:41 War Mill
05:02 Beastiary
05:05 Beastiary
05:18 Beastiary
05:25 Spirit Lodge
06:24 Great Hall
» items
| Healing Salve | 1 | |
| Lesser Clarity Potion | 1 | |
| Tome of Retraining | 1 | |
3 total
team 2 (winner)
brucewillisusa (
orange | 311 APM | 3216 actions | 10:19)
6 Archmage
3 Blizzard
3 Brilliance Aura
» actions
| Assign group hotkey | 51 | |
| Basic commands | 120 | |
| Build / train | 194 | |
| ESC pressed | 8 | |
| Enter build submenu | 101 | |
| Enter hero's abilities submenu | 7 | |
| Give item / drop item | 19 | |
| Right click | 1354 | |
| Select / deselect | 611 | |
| Select group hotkey | 392 | |
| Use ability | 359 | |
3216 total
» units
| Peasant | 38 | |
| Goblin Shredder | 2 | |
| Goblin Zeppelin | 4 | |
| Goblin Sapper | 13 | |
| Gryphon Rider | 8 | |
65 total
» upgrades
| Masonry | 2 | |
| Lumber Harvesting | 1 | |
| Magic Sentry | 1 | |
| Swords | 3 | |
| Storm Hammers | 1 | |
| Sorceress Training | 2 | |
| Armor | 3 | |
13 total
» buildings
| Altar of Kings | 1 | |
| Farm | 13 | |
| Lumber Mill | 4 | |
| Scout Tower | 75 | |
| Guard Tower | 42 | |
| Arcane Tower | 3 | |
| Arcane Vault | 2 | |
| Keep | 2 | |
| Town Hall | 4 | |
| Castle | 1 | |
| Arcane Sanctum | 1 | |
| Blacksmith | 1 | |
| Gryphon Aviary | 3 | |
152 total
» build order
00:12 Altar of Kings
00:17 Farm
00:21 Lumber Mill
00:58 Scout Tower
01:09 Farm
01:17 Scout Tower
01:27 Scout Tower
01:31 Guard Tower
01:46 Arcane Tower
02:09 Arcane Vault
02:17 Scout Tower
02:20 Guard Tower
03:07 Guard Tower
03:28 Scout Tower
04:15 Keep
04:16 Guard Tower
04:32 Farm
05:32 Scout Tower
05:33 Scout Tower
05:34 Scout Tower
06:06 Guard Tower
06:08 Scout Tower
06:08 Scout Tower
06:09 Scout Tower
06:24 Farm
10:19 Town Hall
» items
| Scroll of Regeneration | 5 | |
| Lesser Clarity Potion | 3 | |
| Boots of Speed | 1 | |
| Staff of Teleportation | 1 | |
| Ivory Tower | 41 | |
| Potion of Healing | 1 | |
| Scroll of Town Portal | 1 | |
| Tome of Retraining | 1 | |
54 total
Chat log
(00:30 / All) brucewillisusa: wana make a deal?
(00:38 / All) brucewillisusa: no blademaster, no towers
(00:41 / All) brucewillisusa: deal?
(00:50 / All) SilverG35: nope
(00:53 / All) brucewillisusa: rofl
(02:46 / All) brucewillisusa: DD
(03:57 / All) brucewillisusa: rofl scum hacker
(06:24 / All) brucewillisusa: BYE
(10:19 / All) brucewillisusa: ever feel like u got 10,000 spoons when all u need is a fork?